 Dungeon Crawl Stone Soup version 0.30-a0-626-gd6a5dd7a1f (console) character file.

Game seed: 9332609902667475249

2921 Ignak the Covert (level 9, -4/58 HPs)
             Began as an Octopode Enchanter on Jan 11, 2023.
             Was an Elder of Okawaru.
             Shot with an arrow by a centaur (17 damage)
             ... on level 7 of the Dungeon.
             The game lasted 00:17:16 (6694 turns).

Ignak the Covert (Octopode Enchanter)               Turns: 6694, Time: 00:17:17

Health: -4/58      AC:  1    Str:  5    XL:     9   Next: 79%
Magic:  10/15      EV: 18    Int: 16    God:    Okawaru [****..]
Gold:   374        SH:  0    Dex: 24    Spells: 8/16 levels left

rFire   . . .      SeeInvis +    a - +6 dagger {speed, Contam Will+ Stlth+}
rCold   . . .      Faith    .    (no shield)
rNeg    . . .      Spirit   .    (helmet restricted)
rPois   .          Reflect  .    (no amulet)
rElec   .          Harm     .    (no ring)
rCorr   .          Rampage  .    (no ring)
Will    ++...                    (no ring)
Stlth   +++++++                  (no ring)
HPRegen 0.29/turn                (no ring)
MPRegen 0.14/turn                (no ring)
                                 (no ring)
                                 (no ring)

@: no status effects
A: almost no armour, amphibious, 8 rings, camouflage 1, gelatinous body 1,
(nimble swimmer 1), tentacles, see invisible, agile 2, strong-willed 1,
MP-powered wands
a: Renounce Religion, Heroism, Finesse


You were on level 7 of the Dungeon.
You worshipped Okawaru.
Okawaru was greatly pleased with you.
You visited 2 branches of the dungeon, and saw 8 of its levels.

You collected 374 gold pieces.

Inventory:

Hand Weapons
 a - the +6 dagger of the People (weapon) {speed, Contam Will+ Stlth+}
   (You found it on level 5 of the Dungeon)

   Contam:    It causes magical contamination when unequipped.
   Will:      It increases your willpower.
   Stlth:     It makes you more stealthy.
 b - a +7 flail of protection
Missiles
 h - 25 poisoned darts (quivered)
Jewellery
 t - an amulet of faith
Wands
 j - a wand of acid (2)
 s - a wand of mindburst (19)
 v - a wand of flame (13)
Scrolls
 c - 2 scrolls of enchant armour
 d - a scroll of identify
 e - a scroll of amnesia
 g - a scroll of fog
 k - 2 scrolls of poison
 n - 2 scrolls of fear
 o - a scroll of enchant weapon
 p - a scroll of teleportation
Potions
 f - a potion of invisibility
 i - a potion of heal wounds
 l - a potion of brilliance
 m - a potion of lignification
 q - 2 potions of cancellation {unknown}
 r - a potion of mutation


   Skills:
 + Level 4.1 Fighting
 + Level 4.3 Short Blades
 * Level 6.4 Dodging
 * Level 9.7 Stealth
 - Level 1.0 Unarmed Combat
 + Level 4.4 Spellcasting
 + Level 5.4 Hexes
 + Level 4.0 Ice Magic
 * Level 0.2 Invocations


You had 8 spell levels left.
You knew the following spells:

 Your Spells              Type           Power      Damage    Failure   Level
a - Confusing Touch       Hex            20%        N/A       5%          3
c - Ensorcelled Hibernat  Hex/Ice        36%        N/A       3%          2
d - Dazzling Flash        Conj/Hex       24%        N/A       16%         3

Your spell library contained the following spells:

 Spells                   Type           Power      Damage    Failure   Level
 Gell's Gravitas          Tloc           3%         N/A       43%         3
 Ignite Poison            Fire/Tmut/Pois 3%         N/A       43%         3
 Kindle Blastsparks       Fire/Tloc/Air  6%         2d10      43%         3
 Lesser Beckoning         Tloc           6%         N/A       43%         3
 Teleport Other           Tloc           3%         N/A       43%         3
 Freezing Cloud           Conj/Ice/Air   3%         6-21      95%         5
 Tukima's Dance           Hex            Unusable   N/A       N/A         3

Dungeon Overview and Level Annotations

Branches:
Dungeon (7/15)             Temple (1/1) D:7

Altars:
Ashenzari
Dithmenos
Kikubaaqudgha
Okawaru
Qazlal
Ru
Trog
Uskayaw
Wu Jian
Xom
Yredelemnul


Innate Abilities, Weirdness & Mutations

You cannot wear most types of armour.
You are amphibious.
You can wear up to eight rings at the same time.
Your skin changes colour to match your surroundings (Stealth+).
Your rubbery body absorbs attacks. (AC +1, EV +1)
((You are camouflaged when in or above water. (Stealth+)))
You have tentacles for arms and can constrict up to eight enemies at once.
You have supernaturally acute eyesight. (SInv)
You are very agile. (Dex +8, Str/Int -2)
You are strong-willed. (Will+)
You expend magic power (3 MP) to strengthen your wands.


Message History

Your Ice Magic skill increases to level 4!
Found a scale mail.
The centaur unwields a +0 shortbow.
The centaur hits you. The centaur completely misses you.
The gnoll closely misses you. The gnoll hits you with a +0 club!
Things that are here:
a +0 whip; a +0 robe You hit the centaur.
Your squeeze misses the centaur.
The centaur is lightly wounded.
The centaur barely misses you. The centaur kicks you.
The orc completely misses you. The gnoll hits you with a +0 whip!
You hit the centaur but do no damage.
You squeeze the centaur, but do no damage.
The centaur is lightly wounded.
The gnoll barely misses you.
You hit the centaur but do no damage.
The centaur is lightly wounded.
The centaur barely misses you. The centaur closely misses you.
The orc completely misses you. The gnoll barely misses you.
You completely miss the centaur.
The centaur is lightly wounded.
The centaur closely misses you. The centaur misses you.
The gnoll completely misses you.
You hit the centaur.
The centaur is lightly wounded.
The centaur closely misses you. The centaur kicks you.
The orc hits you with a +0 hand axe. The gnoll misses you.
You barely miss the centaur. You squeeze the centaur.
The centaur is moderately wounded.
The gnoll completely misses you.
Your attacks no longer feel as feeble.
The gnoll is no longer moving quickly.
The gnoll hits you with a +0 whip. The centaur barely misses you.
The centaur completely misses you. The gnoll hits you with a +0 club.
* * * LOW HITPOINT WARNING * * *
Items here: ))) †.
The gnoll attacks as you move away! The gnoll hits you with a +0 whip.
* * * LOW HITPOINT WARNING * * *
The centaur wields a +0 shortbow.
The centaur shoots an arrow.
The arrow hits you!
You die...

#...............##⌠##.....#
)..).............###...####
####.###..............##
..#..................##
.................#####
................##
...............##
..........####..###
.........## ##.@.#
....>....# ####)######
........## #..gcg....#
........# #$..o.....#
..#.....# #.........#
.##....## #...........
........# #....####...
#.......#.## #..<.. ...
............ ...... ..


You could see a centaur, a gnoll (swift) and an orc.

Vanquished Creatures
  The ghost of Bnni the Jinx, a novice FoHs of Dithmenos (D:7)
  Grinder (D:5)
  Edmund (D:6)
  2 sky beasts (D:7)
  An ice beast (D:7)
  A black bear (D:6)
  Pargi (D:3)
  An ogre (D:5)
  2 centaurs (D:7)
  A phantom (D:7)
  Blork the orc (D:6)
  A necrophage (D:7)
  A scorpion (D:6)
  A howler monkey (D:5)
  3 jellies (D:6)
  8 orc priests
  2 hounds (D:6)
  A gnoll bouda (D:7)
  Jessica (D:3)
  7 iguanas
  9 orc wizards
  4 adders
  7 gnolls
  A white imp (D:6)
  4 worms
  2 dart slugs
  20 orcs
  12 ball pythons
  3 endoplasms (D:1)
  7 giant cockroaches
  7 goblins
  4 hobgoblins
  5 jackals
  7 bats
  3 frilled lizards
  7 kobolds
  6 rats
146 creatures vanquished.

Notes
Turn   | Place    | Note
-------+----------+-------------------------------------------
     0 | D:1      | Ignak the Octopode Enchanter began the quest for the Orb.
     0 | D:1      | Reached XP level 1. HP: 11/11 MP: 3/3
   217 | D:1      | Reached XP level 2. HP: 17/17 MP: 5/5
   496 | D:1      | Reached XP level 3. HP: 21/22 MP: 6/6
   499 | D:1      | Learned a level 2 spell: Ensorcelled Hibernation
   503 | D:1      | Learned a level 3 spell: Confusing Touch
   526 | D:1      | Found a faded altar of an unknown god.
   856 | D:2      | Reached skill level 1 in Fighting
  1457 | D:3      | Reached XP level 4. HP: 24/28 MP: 0/7
  1634 | D:3      | Reached XP level 5. HP: 33/33 MP: 3/8
  1636 | D:3      | Reached skill level 1 in Unarmed Combat
  1652 | D:3      | Reached skill level 5 in Stealth
  1910 | D:3      | Noticed Jessica
  1917 | D:3      | Killed Jessica
  1918 | D:3      | Reached skill level 1 in Ice Magic
  1923 | D:3      | Found an iron altar of Okawaru.
  1927 | D:3      | Became a worshipper of Warmaster Okawaru
  2118 | D:3      | Reached XP level 6. HP: 20/38 MP: 9/9
  2320 | D:3      | HP: 1/39 [orc/+0 dagger (2)]
  2559 | D:3      | Noticed Pargi
  2577 | D:3      | Killed Pargi
  2853 | D:4      | Reached skill level 6 in Stealth
  2964 | D:4      | Found a stormy altar of Qazlal.
  3507 | D:5      | Entered Level 5 of the Dungeon
  3524 | D:4      | Gained mutation: Your spells are a little harder to cast,
                  | but a little more powerful. [potion of mutation]
  3524 | D:4      | Gained mutation: You occasionally lose the ability to drink
                  | potions when taking damage. [potion of mutation]
  3524 | D:4      | Gained mutation: You are vulnerable to heat. (rF-) [potion
                  | of mutation]
  3524 | D:4      | Gained mutation: You are strong-willed. (Will+) [potion of
                  | mutation]
  3570 | D:5      | Identified the +6 dagger of the People {speed, Contam Will+
                  | Stlth+}
  3608 | D:5      | Noticed Grinder
  3618 | D:5      | Killed Grinder
  3618 | D:5      | Reached * piety under Okawaru
  3619 | D:5      | Reached XP level 7. HP: 43/45 MP: 11/11
  4132 | D:5      | Reached skill level 7 in Stealth
  4141 | D:5      | Reached ** piety under Okawaru
  4142 | D:5      | Reached XP level 8. HP: 31/51 MP: 12/12
  4307 | D:6      | Noticed Blork the orc
  4314 | D:6      | Killed Blork the orc
  4802 | D:6      | Noticed Edmund
  4915 | D:6      | Reached skill level 5 in Dodging
  5157 | D:6      | Killed Edmund
  5175 | D:6      | Reached skill level 8 in Stealth
  5931 | D:7      | Reached *** piety under Okawaru
  5932 | D:7      | Reached XP level 9. HP: 57/57 MP: 14/14
  5954 | D:7      | Found a staircase to the Ecumenical Temple.
  6192 | D:6      | Learned a level 3 spell: Dazzling Flash
  6220 | D:7      | Noticed Bnni's ghost (novice FoHs)
  6220 | D:7      | Found a runed translucent door.
  6246 | D:7      | Killed Bnni's ghost
  6247 | D:7      | Reached skill level 9 in Stealth
  6247 | D:7      | Reached skill level 5 in Hexes
  6257 | D:7      | Lost mutation: You are vulnerable to heat. (rF-) [potion of
                  | mutation]
  6257 | D:7      | Lost mutation: Your spells are a little harder to cast, but
                  | a little more powerful. [potion of mutation]
  6257 | D:7      | Lost mutation: You occasionally lose the ability to drink
                  | potions when taking damage. [potion of mutation]
  6257 | D:7      | Gained mutation: You have supernaturally acute eyesight.
                  | (SInv) [potion of mutation]
  6257 | D:7      | Gained mutation: You expend magic power (3 MP) to
                  | strengthen your wands. [potion of mutation]
  6257 | D:7      | Gained mutation: You are agile. (Dex +4, Str/Int -1)
                  | [potion of mutation]
  6257 | D:7      | Gained mutation: You are very agile. (Dex +8, Str/Int -2)
                  | [potion of mutation]
  6325 | D:7      | Reached **** piety under Okawaru
  6520 | Temple   | Entered the Ecumenical Temple
  6603 | D:7      | Found a basalt altar of Yredelemnul.
  6694 | D:7      | Shot with an arrow by a centaur

Illustrated notes

Levels and vault maps discovered:
D:1:      dpeg_arrival_radiant, layout_basic,
          shapermc_ecumenical_altar_mp_urbaneastern
D:2:      layout_basic, kennysheep_generic_room_10
D:3:      layout_basic, mainiacjoe_overflow_brackets, uniq_jessica, uniq_pargi
D:4:      layout_gridville, nicolae_qazlal_scattered_showers
D:5:      layout_loops_ring, uniq_grinder
D:6:      layout_layer_cave, roderic_filled_cross, minmay_misc_feat_plants,
          uniq_blork_the_orc, uniq_edmund
D:7:      layout_rooms, gammafunk_temple_overflow_wave,
          mainiacjoe_overflow_surrounded_room, temple_statues,
          hellmonk_ghost_happy_afterlife, minmay_misc_feat_pillars
Temple:   nicolae_temple_x_marks_the_god

Skill      XL: |  1  2  3  4  5  6  7  8  9 |
---------------+----------------------------+-----
Fighting       | 1 2 3 4 |  4.1
Unarmed Combat | 1 |  1.0
Stealth        | 5 6 7 8 9 |  9.7
Dodging        | 3 4 5 6 |  6.4
Ice Magic      | 1 2 3 4 |  4.0
Short Blades   | 2 3 4 |  4.3
Hexes          | 4 5 |  5.4
Spellcasting   | 3 4 |  4.4
Invocations    | |  0.2

Action                   |  1- 3 |  4- 6 |  7- 9 || total
-------------------------+-------+-------+-------++-------
Melee: Dagger            |    84 |    95 |   140 ||   319
       Constrict         |    19 |    19 |    24 ||    62
       Tentacles         |    21 |    23 |    23 ||    67
       Punch             |     2 |     1 |     5 ||     8
Throw: Dart              |       |     3 |       ||     3
 Cast: Ensorcelled Hiber |     6 |     9 |    33 ||    48
       Confusing Touch   |       |       |     2 ||     2
       Dazzling Flash    |       |       |     1 ||     1
Invok: Heroism           |       |       |     1 ||     1
Evoke: Wand              |       |     3 |       ||     3
  Use: Scroll            |       |    10 |     3 ||    13
       Potion            |       |     9 |     2 ||    11
 Stab: Sleeping          |    14 |    12 |    32 ||    58
       Distracted        |       |     2 |     1 ||     3
       Invisible         |       |     2 |     1 ||     3
       Confused          |       |       |     3 ||     3
Armor: Skin              |     4 |     6 |     3 ||    13
Dodge: Dodged            |    50 |    73 |    72 ||   195

Table legend: (Time is in decaauts)
 A = Elapsed time spent in this place.
 B = Non-inter-level travel time spent in this place.
 C = Inter-level travel time spent in this place.
 D = Time resting spent in this place.
 E = Time spent auto-exploring this place.
 F = Levels seen in this place.
 G = Mean time per level.
                   A        B        C        D        E       F      G
               +--------+--------+--------+--------+--------+-----+--------+
         Total |   6608 |   6517 |     91 |    896 |   3805 |   8 |  826.0 |
       Dungeon |   6607 |   6516 |     91 |    896 |   3805 |   7 |  943.9 |
        Temple |      1 |      1 |      0 |      0 |      0 |   1 |    1.0 |
               +--------+--------+--------+--------+--------+-----+--------+

Top non-repeatable levels by time:
     D:6: 1770 daAuts
     D:3: 1145 daAuts
     D:2: 910 daAuts
     D:4: 805 daAuts
     D:5: 793 daAuts
     D:1: 682 daAuts
     D:7: 499 daAuts
  Temple: 1 daAuts
